 Dungeon Crawl Stone Soup version 0.24.0-1-gfbc8707 (webtiles) character file.

Game seed: 691881179444190530, levelgen mode: deterministic

4261 Faca the Fighter (level 10, -8/97 HPs)
             Began as a Minotaur Berserker on Nov 2, 2019.
             Was an Elder of Trog.
             Mangled by a wyvern (13 damage)
             ... on level 8 of the Dungeon.
             The game lasted 00:15:07 (7061 turns).

Faca the Fighter (Minotaur Berserker)               Turns: 7061, Time: 00:15:09

Health: -8/97      AC: 11    Str: 24    XL:     10   Next: 10%
Magic:  9/9        EV:  9    Int:  4    God:    Trog [****..]
Gold:   253        SH:  4    Dex: 11    Spells: 9/9 levels left

rFire    . . .     SeeInvis .   a - +1 hand axe
rCold    . . .     Gourm    .   h - +0 buckler
rNeg     . . .     Faith    +   k - +0 chain mail
rPois    +         Spirit   .   (helmet restricted)
rElec    .         Reflect  .   p - +1 cloak
rCorr    .         Harm     .   (no gloves)
MR       .....                  (no boots)
Stlth    ..........             o - amulet of faith
HPRegen  0.26/turn              b - ring of poison resistance
MPRegen  0.11/turn              (no ring)

@: berserk cooldown
A: retaliatory headbutt, horns 2
a: Berserk, Trog's Hand, Brothers in Arms, Renounce Religion


You were on level 8 of the Dungeon.
You worshipped Trog.
Trog was greatly pleased with you.
You were not hungry.

You visited 1 branch of the dungeon, and saw 8 of its levels.

You collected 319 gold pieces.
You spent 66 gold pieces at shops.

Inventory:

Hand Weapons
 a - a +1 hand axe (weapon)
 i - a +0 broad axe
Armour
 g - the +8 large shield "Xuecymn" {rElec rCorr Int+5 Stlth-}
   (You found it on level 5 of the Dungeon)

   It affects your intelligence (+5).
   It insulates you from electricity.
   It provides partial protection from all sources of acid and corrosion.
   It makes you less stealthy.
 h - a +0 buckler (worn)
 k - a +0 chain mail (worn)
 p - a +1 cloak (worn)
Jewellery
 b - a ring of poison resistance (left hand)
 o - an amulet of faith (around neck)
Wands
 s - a wand of clouds (5)
 t - a wand of scattershot (6)
Scrolls
 d - 8 scrolls of remove curse
 n - 8 scrolls of teleportation
 r - a scroll of fog {unknown}
 w - a scroll of magic mapping {unknown}
Potions
 e - a potion of cancellation {unknown}
 j - 2 potions of resistance
 l - a potion of haste {unknown}
 m - a potion of brilliance {unknown}
 q - a potion of might {unknown}
 u - a potion of invisibility
 v - a potion of lignification {unknown}
Comestibles
 c - 12 rations


   Skills:
 + Level 12.0 Fighting
 + Level 12.0 Axes
 + Level 4.8 Armour
 - Level 2.1 Dodging
 + Level 3.9 Shields


You had 9 spell levels left.
You didn't know any spells.
Your spell library was empty.

Dungeon Overview and Level Annotations

Branches:
Dungeon (7/15)             Temple (0/1) D:7

Altars:
Cheibriados
Fedhas

Shops:
D:5 *


Innate Abilities, Weirdness & Mutations

You reflexively headbutt those who attack you in melee.
You have a pair of horns on your head.


Message History

Unknown command.
You eat one of the 13 rations.
That ration really hit the spot!
The centaur shoots an arrow.
The arrow hits you but does no damage. The hound closely misses your ogre.
Your ogre barely misses the wyvern.
The centaur wields a +0 shortbow.
The centaur shoots an arrow.
The arrow hits your ogre!
Your ogre dies!
Your ogre's corpse disappears in a puff of smoke!
You block the wyvern's attack.
You fail to use your ability.
The wyvern bites you but does no damage.
You block the hound's attack. The wyvern closely misses you.
Your ogre goes berserk!
You feel quite a bit more hungry. Trog will no longer gift you weapons.
The centaur shoots an arrow.
The arrow hits you!
* * * LOW HITPOINT WARNING * * *
The hound completely misses you. You furiously retaliate!
You headbutt the hound. The quokka barely misses you. The wyvern bites you!
You die...

.(......#.... ...
............##..
..........#...#
[........##...# .
#....(......##..
#........(......
##...c((#(..###
#.....(#lhc...##
.........#@(.....#
..#.....Wr.......# #
#....##..#O....#
.....##..###....###
..#......###......#
###....#........####
#...#...........#
##..#........)..# .
.........#...#


You could see a hungry ghost, a wyvern, a centaur, a hound, a quokka and a
friendly ogre (berserk).

Vanquished Creatures
  2 two-headed ogres
  A hornet (D:6)
  A hippogriff (D:8)
  A yak (D:5)
  3 humans (D:6)
  3 ice beasts
  A sky beast (D:6)
  3 ogres
  A phantom (D:7)
  A centaur (D:7)
  Blork the orc (D:6)
  2 bullfrogs
  2 scorpions (D:4)
  3 wights (D:7)
  4 killer bees (D:7)
  2 crimson imps
  A quasit (D:6)
  A centaur zombie (D:6)
  Crazy Yiuf (D:3)
  2 orc wizards (D:7)
  3 orc priests
  Jessica (D:2)
  Terence (D:2)
  6 worker ants
  4 gnolls (D:5)
  9 adders
  A shadow imp (D:4)
  An ooze (D:4)
  An adder zombie (D:7)
  An adder skeleton (D:4)
  2 dart slugs
  3 leopard geckos
  21 orcs
  12 giant cockroaches
  12 goblins
  4 hobgoblins
  2 jackals (D:6)
  4 quokkas
  3 ball pythons
  9 bats
  4 frilled lizards
  A jackal skeleton (D:6)
  A jackal zombie (D:8)
  6 kobolds
  2 quokka skeletons
  9 rats
159 creatures vanquished.

Notes
Turn   | Place    | Note
-------+----------+-------------------------------------------
     0 | D:1      | Faca the Minotaur Berserker began the quest for the Orb.
     0 | D:1      | Reached XP level 1. HP: 19/19 MP: 0/0
   179 | D:1      | Reached XP level 2. HP: 21/27 MP: 1/1
   336 | D:1      | Reached ** piety under Trog
   458 | D:1      | Reached XP level 3. HP: 34/34 MP: 2/2
   867 | D:2      | Noticed Terence
   879 | D:2      | Killed Terence
   879 | D:2      | Reached skill level 5 in Fighting
   879 | D:2      | Reached skill level 5 in Axes
   879 | D:2      | Reached XP level 4. HP: 11/42 MP: 3/3
  1098 | D:2      | Noticed Jessica
  1107 | D:2      | Killed Jessica
  1465 | D:2      | Found a snail-covered altar of Cheibriados.
  1558 | D:2      | Found a faded altar of an unknown god.
  1683 | D:3      | Found a blossoming altar of Fedhas.
  1691 | D:3      | Reached *** piety under Trog
  1971 | D:3      | Found a runed translucent door.
  1972 | D:3      | Noticed Crazy Yiuf
  1978 | D:3      | Killed Crazy Yiuf
  1978 | D:3      | Reached XP level 5. HP: 38/50 MP: 4/4
  2511 | D:4      | Noticed an ogre
  2566 | D:4      | Killed an ogre
  2566 | D:4      | Reached XP level 6. HP: 20/57 MP: 5/5
  3517 | D:5      | Entered Level 5 of the Dungeon
  3832 | D:5      | Found Xuvvilenaopp's General Store.
  3840 | D:5      | Bought a potion of degeneration for 11 gold pieces
  3841 | D:5      | Bought a potion of heal wounds for 55 gold pieces
  3896 | D:5      | Got a crude large shield
  3902 | D:5      | Identified the +8 large shield "Xuecymn" {rElec rCorr Int+5
                  | Stlth-} (You found it on level 5 of the Dungeon)
  4145 | D:6      | Noticed Blork the orc
  4373 | D:6      | Reached XP level 7. HP: 66/66 MP: 6/6
  4386 | D:6      | Killed Blork the orc
  4563 | D:6      | Noticed a yak
  4565 | D:6      | Noticed a two-headed ogre
  4574 | D:6      | Killed a two-headed ogre
  4574 | D:6      | Reached XP level 8. HP: 30/78 MP: 7/7
  4819 | D:5      | Reached **** piety under Trog
  4959 | D:6      | Reached skill level 10 in Fighting
  4959 | D:6      | Reached skill level 10 in Axes
  5034 | D:6      | Noticed a hornet
  5038 | D:6      | Paralysed by a hornet for 1 turns
  5047 | D:6      | Killed a hornet
  5047 | D:6      | Reached XP level 9. HP: 32/86 MP: 8/8
  5984 | D:7      | Reached skill level 1 in Shields
  6633 | D:7      | Reached ***** piety under Trog
  6641 | D:7      | Found a staircase to the Ecumenical Temple.
  6909 | D:7      | You fall into a shaft and drop 1 floor!
  7007 | D:8      | Noticed a two-headed ogre
  7014 | D:8      | Killed a two-headed ogre
  7014 | D:8      | Reached XP level 10. HP: 97/97 MP: 9/9
  7061 | D:8      | Mangled by a wyvern

Levels and vault maps discovered:
D:1:      dpeg_arrival_rooms_with_view, layout_basic, st_stairs_1
D:2:      layout_loops_ring, kennysheep_slug_shrine,
          chequers_ecumenical_altar_twisty, kennysheep_jessica_study,
          uniq_terence
D:3:      layout_loops_ring, fedhas_ov_isle_minmay, uniq_crazy_yiuf_cottage
D:4:      layout_basic, first_ration
D:5:      layout_gridville, serial_shops, shop
D:6:      cheibrodos_fzero, layout_loops_ring, gup_sewer_entry_glass,
          minmay_ruffians, uniq_blork_the_orc
D:7:      layout_layer_cave, minmay_temple_entry_glassed_door, the_bakery,
          minmay_strange_pillars
D:8:      layout_cave_pools, serial_shops, shop, kennysheep_generic_room_6

Skill      XL: |  1  2  3  4  5  6  7  8  9 |
---------------+----------------------------+-----
Fighting       | 4 5 6 7 9 10 12 | 12.0
Axes           | 4 5 6 7 9 10 12 | 12.0
Shields        | 3 |  3.9
Armour         | 4 |  4.8
Dodging        | |  2.1

Action                   |  1- 3 |  4- 6 |  7- 9 | 10-12 || total
-------------------------+-------+-------+-------+-------++-------
Melee: Hand axe          |    75 |   154 |   245 |     4 ||   478
       Headbutt          |    12 |    30 |    56 |     1 ||    99
Invok: Trog's Hand       |       |     2 |     1 |       ||     3
       Berserk           |       |       |     2 |       ||     2
       Brothers in Arms  |       |       |       |     2 ||     2
  Use: Scroll            |       |     7 |     1 |       ||     8
       Potion            |       |       |     2 |     4 ||     6
  Eat: Chunk             |       |    11 |    10 |       ||    21
       Ration            |       |       |       |     1 ||     1
Armor: Animal skin       |     4 |       |       |       ||     4
       Leather armour    |    12 |       |       |       ||    12
       Chain mail        |       |    55 |   104 |     9 ||   168
       Scale mail        |       |     5 |       |       ||     5
Dodge: Dodged            |    66 |    55 |    77 |    14 ||   212
Block: Buckler           |       |       |    25 |     9 ||    34
